 Dungeon Crawl Stone Soup version 0.30-b1-2-g02819fbbbe (webtiles) character file.

Game seed: 3300480853333904922

186 Borgoz the Cudgeller (level 5, -9/33 HPs)
             Began as a Gargoyle Berserker on June 17, 2023.
             Was a Believer of Trog.
             Mangled by Duvessa
             ... wielding a +0 rapier
              (14 damage)
             ... on level 4 of the Dungeon.
             The game lasted 00:06:02 (2535 turns).

Borgoz the Cudgeller (Gargoyle Berserker)           Turns: 2535, Time: 00:06:03

Health: -9/33      AC: 19    Str: 20    XL:     5   Next: 66%
Magic:  5/5        EV:  6    Int:  8    God:    Trog [**....]
Gold:   216        SH:  5    Dex: 11    Spells: 4/4 levels left

rFire   . . .        i - +0 flail
rCold   . . .        (no shield)
rNeg    + . .        n - +0 plate armour
rPois   ∞            a - +0 helmet
rElec   +            (no cloak)
rCorr   +            h - +2 pair of gloves of Qojagh Icos {Fly}
SInv    .            (no boots)
Will    ++...        k - amulet of reflection Stlth
                     d - ring of resist corrosion
HPRegen 1.25/turn    (no ring)
MPRegen 0.09/turn

%: reflection
@: strong-willed (expiring), on berserk cooldown, flying, regenerating
(expiring), hasted and slowed, studying Throwing
A: sickness immunity, AC +4, negative energy resistance 1, electricity
resistance, torment resistance 1, petrification resistance
a: Renounce Religion, Berserk, Trog's Hand


You were on level 4 of the Dungeon.
You worshipped Trog.
Trog was pleased with you.
You visited 1 branch of the dungeon, and saw 5 of its levels.

You collected 216 gold pieces.

Inventory:

Hand Weapons
 i - a +0 flail (weapon)
Missiles
 e - 10 poisoned darts (quivered)
 g - 4 boomerangs
Armour
 a - a +0 helmet (worn)
 h - the +2 pair of gloves of Qojagh Icos (worn) {Fly}
   (You found it on level 2 of the Dungeon)

   Fly:       It grants you flight.
 n - a +0 plate armour (worn)
Jewellery
 d - a ring of resist corrosion (left hand)
 k - an amulet of reflection (around neck)
Scrolls
 l - a scroll of magic mapping {unknown}
 m - a scroll of enchant armour
Potions
 b - 3 potions of heal wounds
 c - 2 potions of curing
 f - 2 potions of haste
 j - 2 potions of flight {unknown}


   Skills:
 + Level 4.2 Fighting
 * Level 4.5 Maces & Flails
 + Level 3.3 Armour
 + Level 2.4 Dodging


You had 4 spell levels left.
You didn't know any spells.
Your spell library was empty.

Dungeon Overview and Level Annotations

Branches:
Dungeon (5/15)             Temple (0/1) D:4

Altars:

Annotations:
D:4 Duvessa


Innate Abilities, Weirdness & Mutations

You are immune to sickness and miasma.
Your stone body is resilient. (AC +4)
You are immune to poison.
You resist negative energy. (rN+)
You are resistant to electric shocks. (rElec)
You are resistant to unholy torment.
You are immune to petrification.


Message History

You kill Dowan!
Trog accepts your kill.
Trog appreciates your killing of a magic user.
Duvessa screams in rage.
Duvessa goes berserk!
You block Duvessa's attack. Duvessa hits you but does no damage.
You barely miss Duvessa. You punch Duvessa.
Duvessa is lightly wounded.
Duvessa hits you but does no damage.
You sock Duvessa!
Duvessa is moderately wounded.
Duvessa hits you but does no damage.
You bludgeon Duvessa!!
Duvessa is severely wounded.
You block Duvessa's attack.
You hit Duvessa but do no damage.
Duvessa is severely wounded.
Duvessa hits you with a +0 rapier!
You hit Duvessa but do no damage.
Duvessa is severely wounded.
Duvessa hits you with a +0 rapier!!
* * * LOW HITPOINT WARNING * * *
You hit Duvessa.
Duvessa is severely wounded.
You feel the effects of Trog's Hand fading.
Duvessa hits you but does no damage. x2
You are too berserk!
You barely miss Duvessa.
Duvessa is severely wounded.
Duvessa hits you with a +0 rapier!
* * * LOW HITPOINT WARNING * * *
You sock Duvessa!
Duvessa is almost dead.
Duvessa barely misses you.
You barely miss Duvessa.
Duvessa is almost dead.
You are no longer berserk.
You are exhausted.
You feel yourself slow down. Duvessa hits you with a +0 rapier!
You die...

...... #....(. #.
...... .......
#....... #...
#....... #... ......
##.# #.#.. .#.#
#...####### .#.#
#.#e#....⌠#
.#.########
#.#.@)...8#
.#........#
#.#.#....⌠#
..#######.#
#...##+#+##
.......##.# ##..#
####....#.# ##.#
#......# #..#######
#...#..# ##.........
##..#..###..#######.
#.##...)..........


You could see Duvessa (berserk, fast).

Vanquished Creatures
  Dowan (D:4)
  An orc wizard (D:4)
  2 adders (D:2)
  A worm (D:2)
  2 dart slugs (D:3)
  14 orcs
  4 ball pythons
  3 endoplasms
  2 giant cockroaches (D:3)
  4 hobgoblins
  6 jackals
  4 quokkas
  4 bats
  3 frilled lizards
  6 goblins
  8 kobolds
  11 rats
76 creatures vanquished.

Notes
Turn   | Place    | Note
-------+----------+-------------------------------------------
     0 | D:1      | Borgoz the Gargoyle Berserker began the quest for the Orb.
     0 | D:1      | Reached XP level 1. HP: 14/14 MP: 1/1
   336 | D:1      | Reached XP level 2. HP: 19/19 MP: 2/2
   874 | D:2      | You fall into a shaft and drop 2 floors!
   902 | D:4      | Reached XP level 3. HP: 23/23 MP: 3/3
   956 | D:4      | Found a staircase to the Ecumenical Temple.
  1043 | D:5      | Entered Level 5 of the Dungeon
  1460 | D:3      | Reached ** piety under Trog
  1481 | D:3      | Reached XP level 4. HP: 25/29 MP: 4/4
  1616 | D:2      | Identified the +2 pair of gloves of Qojagh Icos {Fly}
  1749 | D:2      | Found a faded altar of an unknown god.
  2469 | D:4      | Reached XP level 5. HP: 31/33 MP: 5/5
  2515 | D:4      | Noticed Duvessa
  2515 | D:4      | Noticed Dowan
  2526 | D:4      | Killed Dowan
  2535 | D:4      | Mangled by Duvessa

Illustrated notes

Levels and vault maps discovered:
D:1:      scummos_arrival_hexagon, layout_basic, minmay_pentomino_u2
D:2:      layout_basic, basic_ecumenical_altar, minmay_3d_cube
D:3:      layout_rooms
D:4:      dreamdust_elfheim, layout_basic, mainiacjoe_overflow_alcove_1,
          minmay_temple_entry_butterflies
D:5:      layout_loops_corners

Skill      XL: |  1  2  3  4 |
---------------+-------------+-----
Dodging        | 2 |  2.4
Armour         | 3 |  3.3
Maces & Flails | 4 |  4.5
Fighting       | 4 |  4.2

Action                     |  1- 3 |  4- 6 || total
---------------------------+-------+-------++-------
  Melee: Mace              |   127 |    40 ||   167
         Flail             |       |    52 ||    52
         Punch             |       |     1 ||     1
 Invoke: Berserk           |     1 |     2 ||     3
         Trog's Hand       |       |     1 ||     1
    Use: Scroll            |     5 |     6 ||    11
         Potion            |       |     1 ||     1
 Armour: Animal skin       |    25 |       ||    25
         Ring mail         |    37 |    24 ||    61
         Plate armour      |       |    47 ||    47
  Dodge: Dodged            |   104 |    33 ||   137
  Block: Other             |       |     7 ||     7
